 Dungeon Crawl Stone Soup version 0.24.0-1-gfbc8707 (webtiles) character file.

Game seed: 15262202889025501585, levelgen mode: deterministic

173 Fang the Skirmisher (level 5, -5/49 HPs)
             Began as a Gargoyle Berserker on Oct 29, 2019.
             Was a Believer of Trog.
             Slain by Natasha (6 damage)
             ... on level 3 of the Dungeon.
             The game lasted 00:01:15 (1915 turns).

Fang the Skirmisher (Gargoyle Berserker)            Turns: 1915, Time: 00:01:16

Health: -5/49      AC:  6    Str: 26    XL:     5   Next: 53%
Magic:  5/5        EV: 12    Int:  8    God:    Trog [**....]
Gold:   125        SH:  0    Dex:  9    Spells: 4/4 levels left

rFire    . . .     SeeInvis .   a - +0 hand axe
rCold    . . .     Gourm    .   (no shield)
rNeg     + . .     Faith    .   b - +0 animal skin
rPois    ∞         Spirit   .   (no helmet)
rElec    +         Reflect  .   (no cloak)
rCorr    .         Harm     .   (no gloves)
MR       .....                  (no boots)
Stlth    ..........             (no amulet)
HPRegen  0.16/turn              g - ring of stealth
MPRegen  0.09/turn              (no ring)

@: berserking (expiring), very quick
A: negative energy resistance 1, electricity resistance, unbreathing,
petrification resistance, rot immunity, AC +4
a: Berserk, Trog's Hand, Renounce Religion


You were on level 3 of the Dungeon.
You worshipped Trog.
Trog was pleased with you.
You were hungry.

You visited 1 branch of the dungeon, and saw 3 of its levels.

You collected 125 gold pieces.

Inventory:

Hand Weapons
 a - a +0 hand axe (weapon)
Armour
 b - a +0 animal skin (worn)
Jewellery
 g - a ring of stealth (left hand)
 l - an uncursed amulet of rage {unknown}
Scrolls
 f - 4 scrolls of identify {unknown}
 h - a scroll of teleportation {unknown}
 i - a scroll of enchant armour {unknown}
 k - a scroll of remove curse {unknown}
Potions
 d - a potion of lignification {unknown}
 e - 2 potions of curing {unknown}
 m - a potion of resistance {unknown}
Comestibles
 c - 3 rations
 j - 11 chunks of flesh


   Skills:
 + Level 4.3 Fighting
 + Level 3.5 Axes
 + Level 3.5 Armour
 + Level 2.7 Dodging


You had 4 spell levels left.
You didn't know any spells.
Your spell library was empty.

Dungeon Overview and Level Annotations

Branches:
Dungeon (3/15)

Altars:
Fedhas
Kikubaaqudgha
Trog

Annotations:
D:3 Natasha


Innate Abilities, Weirdness & Mutations

You are resistant to torment.
Your stone body is resilient. (AC +4)
You are immune to poison.
You resist negative energy. (rN+)
You are resistant to electric shocks. (rElec)
You can survive without breathing.
You are immune to petrification.
You are immune to rotting.


Message History

Trog accepts your kill.
Your Fighting skill increases to level 4!
You have reached level 5!
The goblin hits you with a +0 club.
* * * LOW HITPOINT WARNING * * *
You see here a black bear corpse.
You closely miss the goblin. The goblin hits you but does no damage.
You hit the goblin.
You kill the goblin!
Trog accepts your kill.
Natasha, Servant of Life and Death comes into view.
You closely miss the giant cockroach.
The giant cockroach bites you but does no damage.
You slash the giant cockroach!
You kill the giant cockroach!
Trog accepts your kill.
Natasha howls an incantation.
Natasha glows brightly for a moment.
You barely miss Natasha. Natasha claws you.
You die...

###..>..##
..........#
####......# #
#......#######.
.#
#............'.
..+
#....#.#######.
...# ######.#
.....
#.#######(....#
#......@h......
##########.####


You could see Natasha.

Vanquished Creatures
  A black bear (D:3)
  2 oozes (D:1)
  A worm (D:2)
  2 dart slugs
  A leopard gecko (D:3)
  A ball python (D:3)
  6 giant cockroaches
  5 goblins
  6 hobgoblins
  6 jackals (D:2)
  7 kobolds
  6 bats
  9 frilled lizards
  6 rats
59 creatures vanquished.

Notes
Turn   | Place    | Note
-------+----------+-------------------------------------------
     0 | D:1      | Fang the Gargoyle Berserker began the quest for the Orb.
     0 | D:1      | Reached XP level 1. HP: 14/14 MP: 1/1
   190 | D:1      | Reached XP level 2. HP: 14/19 MP: 2/2
   636 | D:1      | Reached XP level 3. HP: 23/23 MP: 3/3
   719 | D:1      | Reached ** piety under Trog
  1327 | D:2      | Found a bloodstained altar of Trog.
  1455 | D:2      | Reached XP level 4. HP: 25/29 MP: 4/4
  1497 | D:2      | Found an ancient bone altar of Kikubaaqudgha.
  1499 | D:2      | Found a blossoming altar of Fedhas.
  1896 | D:3      | Noticed a black bear
  1909 | D:3      | Killed a black bear
  1909 | D:3      | Reached skill level 4 in Fighting
  1909 | D:3      | Reached XP level 5. HP: 3/33 MP: 5/5
  1910 | D:3      | HP: 1/49 [goblin/+0 club (3)]
  1912 | D:3      | Noticed Natasha
  1915 | D:3      | Slain by Natasha

Levels and vault maps discovered:
D:1:      psy_arrival_basics, layout_basic, chequers_serial_rivers_micro_b
D:2:      layout_basic, grunt_temple_overflow_growth_and_decay, bloody_trog
D:3:      layout_basic, cheibriados_altar_1, minmay_lizard_king, uniq_natasha

Skill      XL: |  1  2  3  4 |
---------------+-------------+-----
Axes           | 3 |  3.5
Dodging        | 2 |  2.7
Armour         | 3 |  3.5
Fighting       | 4 |  4.3

Action                   |  1- 3 |  4- 6 || total
-------------------------+-------+-------++-------
Melee: Hand axe          |   122 |    58 ||   180
Invok: Berserk           |     1 |     1 ||     2
 Stab: Distracted        |     1 |       ||     1
       Sleeping          |       |     5 ||     5
  Eat: Chunk             |     3 |     1 ||     4
Armor: Animal skin       |    56 |    21 ||    77
Dodge: Dodged            |    87 |    46 ||   133
